 Dungeon Crawl Stone Soup version 0.23-a0-402-g64599a1 (webtiles) character file.

61 MisterFreud the Sneak (level 3, -8/17 HPs)
             Began as a Felid Transmuter on Nov 4, 2018.
             Mangled by an ogre
             ... wielding a +0 giant club
              (25 damage)
             ... on level 3 of the Dungeon.
             The game lasted 00:06:30 (2523 turns).

MisterFreud the Sneak (Felid Transmuter)            Turns: 2523, Time: 00:06:31

Health: -8/17      AC:  1    Str:  7    XL:     3   Next: 83%
Magic:  0/7        EV: 18    Int: 14    God:
Gold:   102        SH:  0    Dex: 16    Spells: 3/6 levels left
                                        Lives:  0   Deaths: 1

rFire    . . .     SeeInvis +     - Unarmed
rCold    . . .     Gourm    .   (shield unavailable)
rNeg     . . .     Faith    .   (armour unavailable)
rPois    .         Spirit   .   (helmet unavailable)
rElec    .         Reflect  .   (cloak unavailable)
rCorr    .         Harm     .   (gloves unavailable)
MR       .....                  (boots unavailable)
Stlth    +++.......             (no amulet)
HPRegen  0.05/turn              (no ring)
MPRegen  0.10/turn              (no ring)

@: appendage, very slightly contaminated, quick
A: very small, no armour, no weapons or thrown items, stealth, claws 1, fangs 3,
horns 2, see invisible, carnivore, speed 1, shaggy fur 1, slow metabolism 1,
sharp paws
a: End Transformation


You were on level 3 of the Dungeon.
You were not hungry.
You had grown temporary horns.
You visited 1 branch of the dungeon, and saw 3 of its levels.

You collected 102 gold pieces.

Inventory:

Missiles
 a - 21 arrows
Scrolls
 b - a scroll of enchant weapon {unknown}
 d - 3 scrolls of remove curse
 h - 2 scrolls of teleportation
 i - a scroll of enchant armour {unknown}
Potions
 e - a potion of lignification
 g - a potion of haste
Comestibles
 c - 3 rations


   Skills:
 - Level 3.0 Fighting
 - Level 2.6 Dodging
 * Level 4.4 Stealth
 - Level 3.1 Unarmed Combat
 - Level 2.0 Spellcasting
 - Level 2.1 Transmutations


You had 3 spell levels left.
You knew the following spells:

 Your Spells              Type           Power        Failure   Level  Hunger
a - Beastly Appendage     Tmut           #.....       10%         1    ##.....
b - Sticks to Snakes      Tmut           #.......     14%         2    ###....

Your spell library contained the following spells:

 Spells                   Type           Power        Failure   Level  Hunger
 Spider Form              Tmut/Pois      #.........   41%         3    ####...
 Ice Form                 Ice/Tmut       #.......     83%         4    #####..
 Blade Hands              Tmut           #.........   95%         5    ######.


Dungeon Overview and Level Annotations

Branches:
Dungeon (3/15)

Altars:
Kikubaaqudgha
Wu Jian


Innate Abilities, Weirdness & Mutations

You cannot wear armour.
You are incapable of wielding weapons or throwing items.
Your paws allow you to move quietly. (Stealth)
You have sharp claws.
You have razor-sharp teeth.
You have supernaturally acute eyesight. (SInv)
You are carnivorous and can eat meat at any time.
You cover ground quickly.
You are covered in fur. (AC +1)
You have a slow metabolism.
Your sharp claws are effective at attacking unaware monsters.
You have a pair of horns on your head.


Message History

Confirm with . or Enter, or press ? or * to list all spells.
You create a snake!
You now have 22 arrows.
The ogre shouts!
Casting: Sticks to Snakes (safe; 14% risk of failure)
Confirm with . or Enter, or press ? or * to list all spells.
You miscast Sticks to Snakes.
You are very lightly contaminated with residual magic.
Nothing appears to happen.
The ogre barely misses your ball python.
Your ball python bites the ogre.
Casting: Sticks to Snakes (safe; 14% risk of failure)
Confirm with . or Enter, or press ? or * to list all spells.
You create a snake!
You now have 21 arrows.
Casting: Sticks to Snakes (safe; 14% risk of failure)
Confirm with . or Enter, or press ? or * to list all spells.
You grow a pair of large bovine horns.
Your ball python bites the ogre.
Your ball python barely misses the ogre.
The ogre hits you with a +0 giant club!!
Ouch! That really hurt!
You die...

####..# #..#
#..# #..# #..#
########..#
#.##S.....#
#.#.#O###.##
...# #.# #@S#
#.#
###########.#
##.###.#
.s.O.......##
##.##.#
###########.##
##.###.#
##.###..###O#
##.#....##h#
##...O....#
###...####
......##


You could see an ogre and 2 friendly ball pythons.

Vanquished Creatures
  A hound skeleton (D:3)
  2 adders (D:3)
  2 oozes
  2 dart slugs (D:1)
  A leopard gecko (D:2)
  A ball python (D:2)
  5 bats
  4 giant cockroaches
  7 goblins
  A hobgoblin (D:1)
  3 jackals (D:1)
  6 frilled lizards
  8 kobolds
  3 rats
46 creatures vanquished.

Vanquished Creatures (collateral kills)
  A scorpion (D:3)
1 creature vanquished.

Grand Total: 47 creatures vanquished

Notes
Turn   | Place    | Note
-------+----------+-------------------------------------------
     0 | D:1      | MisterFreud the Felid Transmuter began the quest for the
                  | Orb.
     0 | D:1      | Reached XP level 1. HP: 9/9 MP: 4/4
   121 | D:1      | Reached XP level 2. HP: 4/13 MP: 4/6
   125 | D:1      | Learned a level 2 spell: Sticks to Snakes
   944 | D:1      | Reached XP level 3. HP: 11/17 MP: 5/7
  1195 | D:2      | Found an ornate altar of the Wu Jian Council.
  1356 | D:2      | Found an ancient bone altar of Kikubaaqudgha.
  1363 | D:2      | Reached skill level 1 in Stealth
  1857 | D:3      | Reached skill level 2 in Stealth
  2100 | D:3      | Reached skill level 3 in Stealth
  2100 | D:3      | Reached XP level 4. HP: 8/21 MP: 8/8
  2378 | D:3      | Noticed an ogre
  2471 | D:3      | HP: 1/21 [scorpion (8)]
  2478 | D:3      | Slain by a jackal
  2479 | D:3      | Reached XP level 3. HP: -1/17 MP: 6/7
  2481 | D:3      | Killed a scorpion
  2481 | D:3      | Reached skill level 4 in Stealth
  2523 | D:3      | Mangled by an ogre

Vault maps used:
D:1:      saegor_arrival_simple_c, chequers_serial_rivers_small_b,
          minmay_misc_feat_doors
D:2:      old_standard_altar, nicolae_overflow_crystal_walls,
          minmay_heptomino_l4
D:3:      kennysheep_six_static_rooms

Skill      XL: |  1  2  3 |
---------------+----------+-----
Fighting       | 2 3 |  3.0
Stealth        | 4 |  4.4
Dodging        | |  2.6
Unarmed Combat | |  3.1
Spellcasting   | |  2.0
Transmutations | |  2.1

Action                   |  1- 3 |  4- 6 || total
-------------------------+-------+-------++-------
Melee: Unarmed           |   125 |     8 ||   133
       Headbutt          |    14 |     2 ||    16
       Bite              |     6 |     1 ||     7
 Cast: Beastly Appendage |    30 |     2 ||    32
       Sticks to Snakes  |     3 |     4 ||     7
  Use: Scroll            |     4 |       ||     4
       Potion            |       |     4 ||     4
 Stab: Sleeping          |     4 |     1 ||     5
  Eat: Chunk             |    10 |       ||    10
Armor: Skin              |     7 |     2 ||     9
Dodge: Dodged            |    90 |    16 ||   106

Table legend:
 A = Non-vault XP
 B = Vault XP
 C = Vault XP percentage of total XP
 D = Non-vault monster count
 E = Vault monster count
 F = Vault count percentage of total count
                 A         B        C        D         E       F
            +---------+---------+-------+---------+---------+-------
      Total |     152 |       2 |   1.3 |      46 |       1 |   2.1
            +---------+---------+-------+---------+---------+-------
        D:1 |      46 |       0 |   0.0 |      26 |       0 |   0.0
        D:2 |      21 |       2 |   8.7 |      10 |       1 |   9.1
        D:3 |      85 |       0 |   0.0 |      10 |       0 |   0.0
            +---------+---------+-------+---------+---------+-------
